 Dungeon Crawl Stone Soup version 0.22-a0-271-gc000056a37 (webtiles) character file.

10363 Manul the Cleaver (level 11, -2/106 HPs)
             Began as a Purple Draconian Monk on Mar 11, 2018.
             Was an Initiate of Gozag.
             Slain by a fire elemental (4 damage)
             ... led by Azrael
             ... on level 11 of the Dungeon.
             The game lasted 00:13:53 (14181 turns).

Manul the Cleaver (Purple Draconian Monk)          Turns: 14181, Time: 00:13:54

Health: -2/106     AC: 10    Str: 14    XL:     11   Next: 35%
Magic:  15/15      EV: 18    Int: 10    God:    Gozag
Gold:   1698       SH:  0    Dex: 17    Spells: 14/16 levels left

rFire    + + .     SeeInvis .   v - +0 battleaxe (elec)
rCold    . . .     Gourm    .   (shield currently unavailable)
rNeg     . . .     Faith    .   (armour unavailable)
rPois    .         Spirit   .   s - +2 hat
rElec    .         Reflect  .   k - scarf {repulsion}
rCorr    .         Harm     .   y - +0 pair of gloves
MR       +....                  (no boots)
Stlth    ++........             q - amulet of magic regeneration
HPRegen  0.27/turn              z - ring of protection from fire
MPRegen  0.39/turn              H - ring of protection from fire

@: gold aura, repel missiles
A: breathe power, unfitting armour, blink, robust 1, cold-blooded, AC +7
a: Breathe Dispelling Energy, Blink, Potion Petition, Call Merchant, Bribe
Branch, Renounce Religion


You were on level 11 of the Dungeon.
You worshipped Gozag.
Gozag was most pleased with you.
You were not hungry.

You visited 2 branches of the dungeon, and saw 13 of its levels.

You collected 1698 gold pieces.

Inventory:

Hand Weapons
 a - a +0 spear
 e - a +0 hand axe of electrocution
 j - a +0 trident
 r - a +2 dagger of speed
 v - a +0 battleaxe of electrocution (weapon)
 K - the +8 demon blade "Leech" {vamp, rN+ AC-3 EV-3}
   (You found it on level 11 of the Dungeon)

   It inflicts no extra harm, but heals its wielder when it wounds a living foe.
   It affects your AC (-3).
   It affects your evasion (-3).
   It protects you from negative energy.
Armour
 k - a scarf of repulsion (worn)
 s - a +2 hat (worn)
 y - a +0 pair of gloves (worn)
Jewellery
 q - an amulet of magic regeneration (around neck)
 z - a ring of protection from fire (left hand)
 E - an uncursed ring of flight
 H - a ring of protection from fire (right hand)
 N - an uncursed ring of protection from magic
Wands
 d - a wand of random effects (21)
 w - a wand of flame (61)
 M - a wand of paralysis (15)
Scrolls
 i - 2 scrolls of magic mapping
 l - 2 scrolls of identify
 m - 3 scrolls of remove curse
 o - 2 scrolls of amnesia
 t - 4 scrolls of teleportation
 C - a scroll of fog
 F - a scroll of summoning {unknown}
 G - a scroll of fear
 I - a scroll of holy word {unknown}
 J - a scroll of silence {unknown}
Potions
 c - 2 potions of magic {unknown}
 f - a potion of ambrosia {unknown}
 g - a potion of berserk rage {unknown}
 h - 3 potions of brilliance
 n - 3 potions of curing {unknown}
 p - a potion of heal wounds {unknown}
 u - 5 potions of flight
 x - 2 potions of lignification {unknown}
 A - 2 potions of might
 B - a potion of resistance {unknown}
 D - a potion of degeneration {unknown}
Comestibles
 b - 9 rations


   Skills:
 + Level 9.5 Fighting
 - Level 0.6(2.1) Short Blades
 * Level 3.2(3.3) Long Blades
 - Level 11.9(12.1) Axes
 - Level 3.2(8.4) Polearms
 + Level 8.8 Dodging
 - Level 2.2 Stealth
 - Level 3.2 Spellcasting
 - Level 1.1 Evocations


You had 14 spell levels left.
You knew the following spells:

 Your Spells              Type           Power        Failure   Level  Hunger
a - Swiftness             Chrm/Air       #.......     38%         2    ###....


Dungeon Overview and Level Annotations

Branches:
Dungeon (12/15)            Temple (1/1) D:5            Lair (0/6) D:11
    Orc: D:9-12

Altars:
Ashenzari
Cheibriados
Dithmenos
Elyvilon
Fedhas
Gozag
Hepliaklqana
Kikubaaqudgha
Makhleb
Nemelex Xobeh
Okawaru
Qazlal
Ru
Sif Muna
Trog
Uskayaw
Vehumet
Wu Jian
Xom
Yredelemnul
Zin
The Shining One

Annotations:
D:12 Azrael


Innate Abilities, Weirdness & Mutations

You can breathe bolts of dispelling energy.
Your rich purple scales are hard. (AC +7)
You cannot fit into any form of body armour.
You are cold-blooded and may be slowed by cold attacks.
You can translocate small distances at will.
You are robust. (+10% HP)


Message History

* * * LOW HITPOINT WARNING * * *
The fire elemental misses you.
You climb upwards.
There is a stone staircase leading down here.
Unknown command.
It was a potion of mutation.
You feel extremely strange.
You feel jittery.
You feel robust.
The fire elemental misses you. x2; The fire elemental hits you.
* * * LOW HITPOINT WARNING * * *
The fire elemental burns you! You resist.
* * * LOW HITPOINT WARNING * * *
Okay, then.
You slice the fire elemental!!
You destroy the fire elemental!
You hit the fire elemental but do no damage.
The fire elemental hits you. The fire elemental burns you! You resist.
* * * LOW HITPOINT WARNING * * *
The fire elemental hits you. The fire elemental burns you! You resist.
You die...
Your body crumbles into a pile of gold.

###................#....###
###.............###......
##..#.......#####......
#..#......## #.......
##..##.....# ##.......
####...##....## #...##...
######.......#....#####..#####.
#.#..........$E..........# ###
##...#######...@.......^..####..
#.#### ##)[...........##...# ###
##[...######.....### ###
##......### ##...## #.##
##...<.....###...## #..#
##...........##..##
##.####................#
#..##.................##
##.......[.............#


You could see a fire elemental.

Vanquished Creatures
  2 two-headed ogres
  A hydra (D:11)
  An unseen horror (D:10)
  A gargoyle (D:10)
  Psyche (D:9)
  A komodo dragon (D:11)
  A troll (D:8)
  Grinder (D:6)
  2 dream sheep (D:8)
  5 yaks
  A fire elemental (D:11)
  A hungry ghost (D:7)
  A water moccasin (D:10)
  A hell hound (D:12)
  3 ice beasts
  5 sky beasts
  2 black bears
  2 phantoms
  3 ogres
  3 centaurs
  3 big kobolds
  6 bullfrogs
  2 wyvern zombies
  2 wyvern skeletons
  3 scorpions
  11 killer bees
  5 wights (D:11)
  An electric eel (D:9)
  A howler monkey (D:4)
  4 crimson imps
  A bullfrog zombie (D:8)
  6 hounds
  8 orc priests
  A bullfrog skeleton (D:4)
  17 orc wizards
  2 centaur skeletons
  Ijyb (D:4)
  5 iguanas
  4 worker ants
  A killer bee zombie (D:8)
  A hound zombie (D:7)
  2 hound skeletons
  Robin (D:2)
  6 gnolls
  14 adders
  3 shadow imps
  2 oozes
  An adder zombie (D:5)
  2 adder skeletons
  6 worms
  2 dart slugs (D:1)
  6 leopard geckos
  43 orcs
  5 bats
  4 giant cockroaches
  12 goblins
  12 hobgoblins
  7 jackals
  5 quokkas
  2 ball pythons (D:3)
  A ball python skeleton (D:4)
  4 frilled lizards
  A giant cockroach zombie (D:5)
  3 goblin skeletons (D:7)
  2 goblin zombies (D:7)
  15 kobolds
  2 kobold skeletons (D:7)
  A kobold zombie (D:7)
  A leopard gecko zombie (D:5)
  2 orc skeletons (D:7)
  An orc zombie (D:7)
  9 rats
300 creatures vanquished.

Vanquished Creatures (others)
  2 plants (D:11)
2 creatures vanquished.

Grand Total: 302 creatures vanquished

Notes
Turn   | Place    | Note
-------+----------+-------------------------------------------
     0 | D:1      | Manul the Draconian Monk began the quest for the Orb.
     0 | D:1      | Reached XP level 1. HP: 19/19 MP: 1/1
    39 | D:1      | Reached XP level 2. HP: 18/26 MP: 2/2
   676 | D:2      | Reached XP level 3. HP: 33/33 MP: 3/3
   759 | D:2      | Noticed Robin
   762 | D:2      | Reached skill level 1 in Axes
   772 | D:2      | Killed Robin
  1074 | D:2      | Reached XP level 4. HP: 31/40 MP: 4/4
  1371 | D:2      | Reached skill level 2 in Axes
  1963 | D:3      | Reached XP level 5. HP: 44/46 MP: 5/5
  2011 | D:3      | Found a bloodstained altar of Trog.
  2049 | D:3      | Reached skill level 3 in Axes
  2543 | D:3      | Found a shadowy altar of Dithmenos.
  2923 | D:3      | Found a glowing silver altar of Zin.
  3179 | D:4      | Found a blossoming altar of Fedhas.
  3191 | D:4      | Reached skill level 4 in Axes
  3220 | D:4      | Found a radiant altar of Vehumet.
  3277 | D:4      | Reached XP level 6. HP: 53/53 MP: 6/6
  3484 | D:4      | Found an iron altar of Okawaru.
  3509 | D:4      | Reached skill level 5 in Axes
  3614 | D:4      | Your scales start taking on a rich purple colour.
  3614 | D:4      | Reached XP level 7. HP: 50/60 MP: 7/7
  3645 | D:4      | Reached skill level 5 in Fighting
  3900 | D:4      | Noticed Ijyb
  3908 | D:4      | Killed Ijyb
  4496 | D:5      | Entered Level 5 of the Dungeon
  4545 | D:5      | Reached skill level 6 in Axes
  4799 | D:5      | Reached skill level 1 in Evocations
  4840 | D:5      | Learned a level 2 spell: Swiftness
  4927 | D:5      | Reached XP level 8. HP: 42/70 MP: 8/8
  4946 | D:5      | Reached skill level 1 in Spellcasting
  5361 | D:5      | Found a staircase to the Ecumenical Temple.
  5370 | Temple   | Entered the Ecumenical Temple
  5389 | Temple   | Became a worshipper of Gozag Ym Sagoz the Greedy
  5488 | D:6      | Noticed Grinder
  5499 | D:6      | Killed Grinder
  5499 | D:6      | Reached skill level 7 in Axes
  5499 | D:6      | Reached skill level 5 in Dodging
  7062 | D:7      | Found a white marble altar of Elyvilon.
  7094 | D:7      | Reached skill level 8 in Axes
  7109 | D:7      | Reached XP level 9. HP: 69/78 MP: 13/13
  7310 | D:7      | Found a glowing golden altar of the Shining One.
  8142 | D:8      | Reached skill level 9 in Axes
  8825 | D:8      | Found a stormy altar of Qazlal.
  8842 | D:8      | Found a burning altar of Makhleb.
  8842 | D:8      | Noticed a cacodemon
  8881 | D:8      | Noticed a two-headed ogre
  8887 | D:8      | Killed a two-headed ogre
  8887 | D:8      | Reached skill level 10 in Axes
  8917 | D:8      | Found an ancient bone altar of Kikubaaqudgha.
  9050 | D:8      | Reached XP level 10. HP: 55/86 MP: 14/14
  9321 | D:8      | Noticed a three-headed hydra
  9851 | D:9      | Found a sacrificial altar of Ru.
  9851 | D:9      | Found a hazy altar of Hepliaklqana.
  9881 | D:9      | Reached skill level 11 in Axes
  9897 | D:9      | HP: 4/88 [poisoned by a killer bee]
  9906 | D:9      | HP: 4/88 [poisoned by a killer bee]
  9912 | D:9      | HP: 4/88 [poisoned by a killer bee]
  9918 | D:9      | HP: 4/88 [poisoned by a killer bee]
  9924 | D:9      | HP: 4/88 [poisoned by a killer bee]
 10354 | D:9      | Noticed Psyche
 10365 | D:9      | Killed Psyche
 11018 | D:10     | Entered Level 10 of the Dungeon
 11046 | D:10     | Noticed a gargoyle
 11056 | D:10     | Killed a gargoyle
 11319 | D:10     | Killed an unseen horror
 11373 | D:10     | You fall through a shaft for 2 floors!
 11514 | D:11     | Found the +8 demon blade "Leech" {vamp, rN+ AC-3 EV-3}
 11673 | D:11     | Noticed a two-headed ogre
 11677 | D:11     | Killed a two-headed ogre
 11677 | D:11     | Reached skill level 1 in Long Blades
 11677 | D:11     | Reached XP level 11. HP: 95/95 MP: 15/15
 12432 | D:11     | Found a staircase to the Lair.
 12891 | D:11     | Noticed an eight-headed hydra
 13260 | D:11     | Killed a 13-headed hydra
 14162 | D:12     | Noticed Azrael
 14180 | D:11     | Gained mutation: You can translocate small distances at will. [potion of mutation]
 14180 | D:11     | Gained mutation: You are robust. (+10% HP) [potion of mutation]
 14180 | D:11     | HP: 5/106 [fire elemental[Azrael] (3)]
 14181 | D:11     | HP: 2/106 [fire elemental[Azrael] (4)]
 14181 | D:11     | Slain by a fire elemental

Vault maps used:
D:1:      minmay_arrival_diagonal_passages
D:2:      first_ration, uniq_robin
D:3:      old_standard_altar, marbit_many_paths,
          grunt_dithmenos_smoke_and_mirrors, minmay_misc_feat_tiny
D:4:      vehumet_altar_wand_db, nicolae_overflow_crystal_walls,
          okawaru_gym_becter, minmay_stone_trees_small, uniq_ijyb
D:5:      minmay_temple_entry_nine_rooms
D:6:      serial_bayou_pond_e, uniq_grinder
D:7:      overflow_temple_1_default, nicolae_tso_besieged_by_evil
D:8:      minitemple, hangedman_ranch, grunt_ministairs_7,
          makhleb_altar_promises_db
D:9:      gammafunk_temple_overflow_wave, kennysheep_cluttered_room, uniq_psyche
D:11:     david_lair_shrubbed
D:12:     orc_0_dummy, uniq_azrael
Temple:   minmay_freezing_vapour_temple

Skill      XL: |  1  2  3  4  5  6  7  8  9 10 11 |
---------------+----------------------------------+-----
Dodging        | 3 4 5 6 8 |  8.8
Fighting       | 4 5 6 7 8 9 |  9.5
Axes           | 1 2 4 5 6 8 10 11 | 11.9
Stealth        | 2 |  2.2
Evocations     | 1 |  1.1
Spellcasting   | 3 |  3.2
Long Blades    | 1 3 |  3.2
Short Blades   | |  0.6
Polearms       | |  3.2

Action                   |  1- 3 |  4- 6 |  7- 9 | 10-12 || total
-------------------------+-------+-------+-------+-------++-------
Melee: Hand axe          |    73 |   159 |   342 |       ||   574
       Spear             |     2 |       |       |       ||     2
       Tailslap          |     8 |    17 |    79 |    41 ||   145
       Dagger            |       |       |    83 |    19 ||   102
       Trident           |       |       |     7 |       ||     7
       Battleaxe         |       |       |    73 |   254 ||   327
Invok: Potion Petition   |       |       |       |     1 ||     1
 Abil: Breathe Dispellin |       |       |     1 |       ||     1
Evoke: Wand              |       |     4 |       |     3 ||     7
  Use: Scroll            |       |     2 |     7 |     3 ||    12
       Potion            |       |       |     2 |     3 ||     5
 Stab: Sleeping          |     4 |     8 |     9 |     2 ||    23
       Distracted        |     1 |       |     2 |       ||     3
       Invisible         |       |       |     2 |     1 ||     3
       Paralysed         |       |       |       |     6 ||     6
  Eat: Chunk             |     1 |     8 |     2 |       ||    11
       Ration            |       |       |     5 |     5 ||    10
Armor: Skin              |    18 |    48 |   134 |    98 ||   298
Dodge: Dodged            |    57 |   113 |   298 |   318 ||   786
       Deflected         |       |       |     7 |     3 ||    10

Table legend:
 A = Spawn XP
 B = Non-spawn XP
 C = Spawn XP percentage of total XP
 D = Spawn monster count
 E = Non-spawn monster count
 F = Spawn count percentage of total count
 G = Total turns spent on level
                    A         B        C        D         E        F      G
               +---------+---------+-------+---------+---------+-------+---------
         Total |       0 |   14805 |   0.0 |       0 |     300 |   0.0 | 14181
               +---------+---------+-------+---------+---------+-------+---------
           D:1 |       0 |      39 |   0.0 |       0 |      16 |   0.0 |   637
           D:2 |       0 |     131 |   0.0 |       0 |      41 |   0.0 |  1312
           D:3 |       0 |     160 |   0.0 |       0 |      23 |   0.0 |  1171
           D:4 |       0 |     688 |   0.0 |       0 |      23 |   0.0 |  1376
           D:5 |       0 |     799 |   0.0 |       0 |      32 |   0.0 |   967
           D:6 |       0 |     661 |   0.0 |       0 |      16 |   0.0 |  1433
           D:7 |       0 |    1198 |   0.0 |       0 |      43 |   0.0 |  1209
           D:8 |       0 |    3358 |   0.0 |       0 |      35 |   0.0 |  1515
           D:9 |       0 |    1440 |   0.0 |       0 |      23 |   0.0 |  1373
          D:10 |       0 |    1669 |   0.0 |       0 |       7 |   0.0 |   929
          D:11 |       0 |    3798 |   0.0 |       0 |      34 |   0.0 |  1772
          D:12 |       0 |     864 |   0.0 |       0 |       7 |   0.0 |   462
               +---------+---------+-------+---------+---------+-------+---------
